 Dungeon Crawl Stone Soup version 0.31-a0-845-g9abc20d24f (webtiles) character file.

Game seed: 6068517551164125341

7 moritonal the Conjurer (level 1, 0/10 HPs)
             Began as a Deep Elf Conjurer on Oct 2, 2023.
             Slain by a goblin
             ... wielding a +0 club
              (1 damage)
             ... on level 1 of the Dungeon.
             The game lasted 00:00:37 (146 turns).

moritonal the Conjurer (Deep Elf Conjurer)           Turns: 146, Time: 00:00:37

Health: 0/10       AC:  2    Str:  4    XL:     1   Next: 83%
Magic:  4/6        EV: 12    Int: 22    God:
Gold:   15         SH:  0    Dex: 13    Spells: 5/6 levels left

rFire   . . .        (no weapon)
rCold   . . .        (no shield)
rNeg    . . .        a - +0 robe
rPois   .            (no helmet)
rElec   .            (no cloak)
rCorr   .            (no gloves)
SInv    .            (no boots)
Will    .....        (no amulet)
Stlth   +            (no ring)
HPRegen 0.21/turn    (no ring)
MPRegen 0.10/turn

%: no passive effects
@: very slow
A: no striking features
a: no special abilities


You were on level 1 of the Dungeon.
You visited 1 branch of the dungeon, and saw 1 of its levels.

You collected 15 gold pieces.

Inventory:

Armour
 a - a +0 robe (worn)
Scrolls
 c - a scroll of identify {unknown}
Potions
 b - a potion of magic


   Skills:
 + Level 2.7 Dodging
 + Level 2.4 Stealth
 + Level 3.0 Spellcasting
 + Level 4.6 Conjurations


You had 5 spell levels left.
You knew the following spells:

 Your Spells              Type           Power      Damage    Failure   Level
a - Magic Dart            Conj           92%        1d7       1%          1

Your spell library contained the following spells:

 Spells                   Type           Power      Damage    Failure   Level
 Searing Ray              Conj           46%        2d6       2%          2
 Dazzling Flash           Conj/Hex       26%        N/A       14%         3
 Fulminant Prism          Conj/Hex       6%         3d7       43%         4
 Iskenderun's Mystic Bla  Conj/Tloc      13%        2d5       43%         4


Dungeon Overview and Level Annotations

Branches:
Dungeon (1/15)

Altars:


Message History

The frilled lizard barely misses you. The frilled lizard barely misses you.
The frilled lizard attacks as it pursues you!
The frilled lizard bites you but does no damage.
The frilled lizard attacks as it pursues you!
The frilled lizard bites you.
You see here 14 gold pieces.
The frilled lizard closely misses you. The goblin misses you.
You see here a +0 club.
Found 3 stones.
The goblin attacks as it pursues you! The goblin closely misses you.
The frilled lizard bites you.
You barely miss the goblin. The goblin closely misses you.
The frilled lizard barely misses you.
You hit the goblin but do no damage. The goblin hits you with a +0 club.
The frilled lizard bites you.
You hit the goblin.
The goblin is moderately wounded.
The goblin closely misses you. The frilled lizard barely misses you.
You barely miss the goblin.
The goblin is moderately wounded.
The goblin misses you.
The frilled lizard bites you but does no damage.
You hit the goblin but do no damage.
The goblin is moderately wounded.
The goblin closely misses you. The frilled lizard bites you.
You hit the goblin.
The goblin is severely wounded.
The goblin barely misses you. The frilled lizard barely misses you.
You closely miss the goblin.
The goblin is severely wounded.
The goblin hits you with a +0 club.
* * * LOW HITPOINT WARNING * * *
The frilled lizard unfolds its giant frill.
The frilled lizard closely misses you.
A kobold comes into view. It is wielding a +1 dagger of draining.
You enter the shallow water.
Moving in this stuff is going to be slow.
The goblin hits you with a +0 club.
You die...

(# .....# ♣.#♣♣♣♣
......### .....♣
#.......# ....#
#.......# #######..#
#.......#
#.....#..###.......#
#.....'...#♣.†.....#
#...<.#..♣.@.......#
#.....#...gl.......#
#....P#..♣#..$.....#
♣..###'###.)###.......#
#...........♣ #.......#
♣...........####.#.####
#♣##♣.♣.♣#♣♣≈##..#K# .
♣♣.♣♣ ♣....##.#
#.######♣♣####.†#.# .#


You could see a goblin, a kobold and a frilled lizard.

Vanquished Creatures
  A ball python (D:1)
  2 endoplasms (D:1)
  A hobgoblin (D:1)
  A frilled lizard (D:1)
  A rat (D:1)
6 creatures vanquished.

Notes
Turn   | Place    | Note
-------+----------+-------------------------------------------
     0 | D:1      | moritonal the Deep Elf Conjurer began the quest for the
                  | Orb.
     0 | D:1      | Reached XP level 1. HP: 10/10 MP: 6/6
   146 | D:1      | Slain by a goblin

Illustrated notes

Levels and vault maps discovered:
D:1:      saegor_arrival_under_anarchy, layout_rooms, minmay_3d_cube

Action                     || total
---------------------------++-------
  Melee: Unarmed           ||     7
   Cast: Magic Dart        ||    13
 Armour: Robe              ||    17
  Dodge: Dodged            ||    20

Table legend: (Time is in decaauts)
 A = Elapsed time spent in this place.
 B = Non-inter-level travel time spent in this place.
 C = Inter-level travel time spent in this place.
 D = Time resting spent in this place.
 E = Time spent auto-exploring this place.
 F = Levels seen in this place.
 G = Mean time per level.
                   A        B        C        D        E       F      G
               +--------+--------+--------+--------+--------+-----+--------+
         Total |    146 |    146 |      0 |      0 |     69 |   1 |  146.0 |
       Dungeon |    146 |    146 |      0 |      0 |     69 |   1 |  146.0 |
               +--------+--------+--------+--------+--------+-----+--------+

Top non-repeatable levels by time:
     D:1: 146 daAuts
